Map: Orbital Shipyard

Players

Reszi

  • Race: Zerg Zerg
  • League: Diamond

LilDicky - Winner!

  • Race: Terran Terran
  • League: Diamond

VOD

http://www.twitch.tv/tumescentpie

Description

Time

  • Played on: Nov. 30, 2015, 8:41 a.m.
  • Length: 18:06
Show
View Real Time Build Order
Export as new Build Order

Reszi Zerg 

Build Orders: Hatch First 

Get SALT Encoding   

  12  0:01  Drone  
  13  0:12  Overlord  
  13  0:18  Drone  
  14  0:31  Drone  
  14  0:32  Drone  
  14  0:35  Drone  
  17  0:53  Hatchery  
  17  0:56  Drone  
  17  1:02  Drone  
  18  1:06  Extractor  
  17  1:15  Spawning Pool  
  17  1:18  Drone  
  17  1:21  Drone  
  18  1:30  Drone  
  19  1:39  Overlord  
  19  2:02  Queen  
  19  2:04  Zergling x2  
  19  2:05  Queen, Zergling x2  
  25  2:10  Metabolic Boost  
  26  2:22  Drone  
  26  2:23  Drone  
  27  2:34  Hatchery  
  26  2:37  Drone  
  27  2:59  Drone x4  
  27  3:00  Drone  
  27  3:02  Drone  
  33  3:10  Overlord x2  
  33  3:14  Drone x3  
  36  3:29  Drone x4  
  40  3:35  Drone  
  40  3:41  Drone  
  42  3:49  Drone x2  
  44  3:56  Extractor  
  44  3:58  Roach Warren, Extractor  
  44  4:00  Drone x2  
  43  4:03  Drone x3  
  43  4:07  Drone x3  
  49  4:10  Drone  
  49  4:11  Drone x2  
  52  4:18  Drone x2  
  54  4:26  Drone  
  54  4:28  Drone x2  
  54  4:29  Overlord  
  57  4:34  Overlord  
  57  4:47  Queen x2  
  57  4:52  Roach  
  65  4:55  Roach x3  
  71  5:05  Evolution Chamber  
  71  5:06  Drone x2  
  71  5:07  Evolution Chamber, Drone x2  
  74  5:09  Lair  
  74  5:12  Drone x3  
  74  5:20  Overlord x2  
  74  5:21  Overlord x2  
  74  5:33  Zerg Missile Weapons Level 1  
  74  5:34  Zerg Ground Armor Level 1  
  74  5:38  Queen  
  74  5:40  Drone x2  
  74  5:41  Drone x3, Extractor x3  
  78  5:55  Ravager x4  
  78  5:57  Roach x5  
  85  5:58  Roach  
  94  6:04  Drone x2  
  94  6:06  Roach x3  
  94  6:08  Zergling x4  
  94  6:09  Zergling x4  
  105  6:15  Drone  
  105  6:34  Overlord x2  
  105  6:35  Overlord  
  105  6:45  Overlord x2  
  105  7:04  Hatchery  
  105  7:05  Roach  
  105  7:06  Roach x4  
  105  7:07  Roach x2  
  105  7:08  Roach x4  
  126  7:13  Ravager  
  126  7:14  Ravager x3  
  130  7:17  Drone x5  
  130  7:20  Hatchery  
  134  7:23  Roach x3  
  134  7:25  Overlord x3  
  140  7:33  Glial Reconstitution  
  140  7:38  Roach  
  140  7:39  Roach x2  
  140  7:40  Overlord x2  
  140  7:43  Drone  
  147  7:51  Zergling x6  
  139  8:05  Roach  
  139  8:06  Roach x9  
  139  8:07  Overlord  
  157  8:16  Hydralisk Den, Zerg Missile Weapons Level 2  
  157  8:17  Zerg Ground Armor Level 2  
  156  8:27  Drone x2  
  158  8:46  Extractor  
  158  8:48  Roach x5  
  163  8:51  Extractor  
  166  8:56  Drone x2  
  166  9:02  Hydralisk x11  
  170  9:03  Hydralisk x4  
  198  9:11  Ravager  
  199  9:22  Overseer x2  
  196  9:39  Hydralisk x2  
  200  9:53  Spine Crawler  
  200  9:54  Spine Crawler x2  
  200  9:56  Spine Crawler  
  200  9:58  Roach x2  
  200  10:03  Overseer  
  200  10:15  Hatchery  
  153  10:30  Roach x5  
  153  10:31  Roach x9  
  135  10:39  Infestation Pit  
  113  10:46  Hydralisk x7  
  125  11:24  Hydralisk x3  
  125  11:25  Hydralisk x5  
  133  11:26  Hydralisk x2  
  133  11:27  Overlord x2  
  145  11:33  Overlord  
  145  11:40  Hive  
  145  11:42  Overlord x2  
  145  11:43  Overlord x4  
  145  11:49  Roach x3  
  151  11:59  Roach x4  
  151  12:00  Hatchery, Hydralisk x3, Roach x4  
  172  12:13  Hydralisk  
  172  12:14  Hydralisk x6  
  172  12:15  Hydralisk x4  
  186  12:20  Roach  
  186  12:21  Roach  
  200  12:37  Roach  
  200  12:47  Muscular Augments  
  200  12:54  Zerg Missile Weapons Level 3  
  200  12:55  Zerg Ground Armor Level 3  
  200  13:01  Ultralisk Cavern  
  157  13:33  Roach x3  
  92  13:45  Roach x3  
  92  13:46  Roach x4  
  106  13:50  Ravager x2  
  106  13:51  Ravager x7  
  115  14:00  Hatchery  
  115  14:02  Ultralisk Cavern  
  113  14:15  Ultralisk  
  113  14:16  Ultralisk  
  121  14:17  Hatchery  
  120  14:26  Ultralisk  
  127  14:33  Ultralisk  
  133  14:52  Ultralisk  
  139  14:54  Chitinous Plating  
  139  15:08  Drone x5  
  139  15:09  Drone  
  140  15:18  Ultralisk  
  146  15:32  Hatchery  
  144  15:42  Drone x3  
  143  15:43  Drone x4  
  147  16:10  Hatchery  
  146  16:22  Ultralisk x2  
  158  16:44  Ultralisk x2  
  168  17:07  Spore Crawler  
  160  17:20  Hydralisk x6  
Show
View Real Time Build Order
Export as new Build Order

LilDicky Terran - Winner!

Build Orders: Liberator Opening, Bio Tank, MMM Bio 

Get SALT Encoding   

  12  0:01  SCV  
  13  0:13  SCV  
  14  0:17  Supply Depot  
  14  0:25  SCV  
  15  0:30  Refinery  
  15  0:39  SCV  
  16  0:46  Barracks  
  16  0:51  SCV  
  17  1:03  SCV  
  18  1:15  SCV  
  19  1:27  SCV  
  20  1:34  Reaper  
  21  1:40  Orbital Command  
  21  1:49  Command Center  
  21  2:02  Supply Depot  
  21  2:06  SCV  
  23  2:14  Refinery  
  22  2:18  Factory  
  22  2:19  SCV  
  22  2:21  Barracks Tech Lab  
  23  2:31  SCV  
  24  2:43  SCV  
  25  2:55  SCV  
  25  3:06  Starport  
  25  3:08  SCV  
  25  3:10  Orbital Command  
  26  3:19  Siege Tank  
  29  3:20  SCV  
  30  3:27  Command Center  
  30  3:32  SCV  
  31  3:37  Barracks Reactor, SCV  
  31  3:39  Liberator  
  31  3:40  Refinery  
  32  3:42  Refinery  
  32  3:44  SCV  
  33  3:50  SCV  
  34  3:58  SCV  
  34  4:02  SCV  
  39  4:10  SCV  
  39  4:14  SCV, Marine  
  39  4:15  Marine  
  43  4:22  SCV  
  43  4:23  Barracks  
  44  4:25  Barracks  
  44  4:31  Supply Depot  
  44  4:32  Marine x2  
  46  4:38  SCV x2, Siege Tank  
  46  4:40  Orbital Command  
  51  4:50  SCV x2  
  53  4:57  Liberator x2  
  53  5:03  SCV  
  54  5:12  Orbital Command  
  54  5:14  Barracks Reactor  
  54  5:21  Siege Tank  
  63  5:24  SCV x2  
  65  5:32  Barracks Tech Lab x2  
  65  5:36  SCV  
  65  5:37  SCV  
  65  5:38  SCV  
  65  5:42  Supply Depot  
  68  5:45  Engineering Bay x2, Liberator  
  68  5:46  Liberator  
  68  5:49  Command Center, SCV  
  69  5:50  Combat Shields  
  69  5:51  Stimpack  
  69  5:58  SCV x2, Marine  
  69  6:01  SCV  
  79  6:10  SCV x2  
  81  6:12  Supply Depot  
  81  6:13  SCV, Refinery  
  81  6:15  Refinery  
  82  6:18  Terran Infantry Weapons Level 1  
  82  6:19  Terran Infantry Armor Level 1  
  82  6:22  SCV  
  82  6:25  Missile Turret  
  83  6:30  Missile Turret  
  83  6:33  Missile Turret  
  83  6:34  SCV  
  83  6:35  SCV  
  83  6:36  Siege Tank  
  88  6:42  Supply Depot  
  88  6:45  Marine x2  
  88  6:46  Marine x2  
  92  6:59  SCV x2, Medivac x2  
  92  7:00  Supply Depot, SCV  
  99  7:03  Orbital Command  
  99  7:06  Armory  
  99  7:08  Siege Tank  
  99  7:11  SCV  
  99  7:12  Supply Depot  
  99  7:13  Missile Turret  
  103  7:20  Missile Turret  
  103  7:21  SCV x2  
  103  7:22  Missile Turret  
  105  7:23  SCV, Marine x2  
  105  7:24  Marine x2  
  110  7:33  SCV  
  111  7:59  Liberator x2  
  111  8:03  Marine  
  111  8:04  Marauder x2  
  116  8:15  Marine  
  116  8:18  Siege Tank  
  116  8:19  SCV  
  127  8:25  Barracks, Marauder  
  129  8:27  Barracks  
  129  8:28  Barracks  
  129  8:30  Command Center, Supply Depot, Terran Infantry Weapons Level 2, Terran Infantry Armor Level 2  
  129  8:31  Missile Turret  
  129  8:32  Supply Depot  
  129  8:40  Missile Turret  
  129  8:42  Missile Turret  
  129  8:53  Supply Depot, Terran Vehicle And Ship Armor Level 1  
  129  8:54  Marine  
  129  8:55  Marine x3  
  133  9:05  Barracks  
  133  9:07  Barracks  
  133  9:09  Missile Turret  
  133  9:12  Marine x2  
  133  9:13  Marauder  
  133  9:17  Supply Depot  
  137  9:30  Missile Turret  
  133  9:42  Marine  
  134  9:53  Marine  
  134  9:54  Command Center, Marauder x2  
  134  9:56  Missile Turret  
  134  9:57  Barracks Tech Lab x3, Sensor Tower  
  134  9:59  Barracks Reactor, Missile Turret  
  139  10:00  Barracks Tech Lab  
  139  10:02  Missile Turret, Marine  
  140  10:09  Command Center  
  140  10:10  Marine  
  141  10:15  Marauder, Marine  
  141  10:19  Marine  
  141  10:23  Sensor Tower  
  123  10:31  Marine x3  
  123  10:32  Marauder x2  
  123  10:33  Marauder  
  112  10:36  Marauder  
  112  10:37  Marine  
  112  10:38  Marine  
  112  10:39  Marine  
  112  10:42  Planetary Fortress  
  111  10:49  Marine  
  114  10:50  Marauder x2  
  114  10:53  Marine  
  114  10:54  Marine, Marauder  
  118  11:01  Marine  
  118  11:02  Marine x3  
  118  11:03  Siege Tank  
  125  11:06  Marine  
  125  11:07  Factory, Medivac x2  
  125  11:09  SCV x2, Starport  
  125  11:10  Marine  
  133  11:16  Terran Infantry Weapons Level 3, Terran Infantry Armor Level 3, Missile Turret  
  133  11:18  Terran Vehicle And Ship Armor Level 2  
  133  11:24  Armory  
  133  11:33  Sensor Tower  
  133  11:44  Planetary Fortress  
  133  11:50  Starport Reactor  
  133  11:51  Starport  
  133  11:54  Missile Turret  
  133  11:57  SCV x2  
  135  12:05  Factory Tech Lab  
  135  12:11  Siege Tank  
  135  12:12  Marine x2  
  135  12:13  Marauder x2  
  144  12:20  Planetary Fortress, Fusion Core  
  144  12:44  Supply Depot  
  144  12:47  Marine  
  144  12:50  Siege Tank x2, Marine  
  144  12:51  Marine x7  
  152  12:52  Marauder  
  161  12:59  Starport Tech Lab  
  161  13:00  Missile Turret  
  151  13:12  Missile Turret  
  151  13:16  Missile Turret  
  151  13:17  Marine  
  151  13:18  Marine x9  
  161  13:22  Siege Tank x2  
  121  13:35  Refinery, Marine  
  121  13:36  Marauder x2, Marine x3  
  121  13:37  Marine, Marauder  
  128  13:52  Liberator x2  
  128  14:03  Command Center  
  128  14:05  Marine  
  128  14:06  Marauder  
  128  14:07  Banshee  
  128  14:09  Command Center, Medivac x2  
  144  14:10  Missile Turret x2  
  144  14:11  Cloaking Field  
  144  14:13  Missile Turret  
  143  14:17  Missile Turret  
  143  14:18  Refinery  
  143  14:26  Behemoth Reactor  
  143  14:29  Marine x8  
  143  14:30  Marine x2  
  143  14:31  Siege Tank x2  
  159  14:35  Liberator  
  159  14:39  Medivac  
  161  14:46  Refinery  
  161  14:47  Command Center, Marine x7  
  161  14:48  Marauder x3, Medivac  
  161  14:50  Medivac  
  161  14:51  Refinery  
  181  15:03  Siege Tank  
  181  15:06  Marine, Marauder x2  
  181  15:07  Marine x4  
  189  15:09  Marauder x2, Marine  
  193  15:24  Marine  
  193  15:25  Marine, Marauder  
  191  15:44  Marine x3  
  191  15:45  Marauder x2  
  191  15:46  Planetary Fortress  
  191  15:48  Planetary Fortress  
  198  15:51  Marine  
  199  16:08  Marine  
  184  17:15  Marine  
  183  17:22  Banshee  
  186  17:32  Marine  
  186  17:33  Marine x9  
Tags
 
Add a new tag
Caveats
  • Supply blocks, unpowered buildings, or Contaminate may cause inaccurate times.
  • Supply counts are checked every 10 seconds.